Map: Oxide LE

Players

MnMLastZerG - Winner!

  • Race: Zerg Zerg
  • Spawn Location: 1:00

MarcoMan

  • Race: Protoss Protoss
  • League: Master
  • Spawn Location: 7:00

VOD

Have the link to the VOD?

Description

Time

  • Played on: Jan. 17, 2021, 2:54 p.m.
  • Length: 1:39
Show
View Real Time Build Order
Export as new Build Order

MnMLastZerG Zerg - Winner!

Build Orders: Pool Only 

Get SALT Encoding   

  12  0:01  Drone  
  13  0:08  Drone  
  14  0:16  Overlord  
  14  0:34  Spawning Pool  
  13  0:35  Drone  
  13  0:40  Drone  
  15  0:44  Drone  
  15  0:47  Drone  
  17  1:10  Extractor  
Show
View Real Time Build Order
Export as new Build Order

MarcoMan Protoss 

Build Orders:  

Get SALT Encoding   

  12  0:00  Probe  
  13  0:13  Probe  
  14  0:19  Pylon  
  14  0:26  Probe  
  15  0:38  Probe  
  15  0:40  Forge  
  16  0:54  Pylon  
  16  0:59  Pylon  
  16  1:08  Pylon  
  16  1:15  Photon Cannon  
  16  1:18  Pylon  
Tags
 
League
Master
Matchup
PvZ
Opening
Pool Only
Replay Pack
Weekend
Spawn Locations
Cross Positions
Add a new tag
Caveats
  • Supply blocks, unpowered buildings, or Contaminate may cause inaccurate times.
  • Supply counts are checked every 10 seconds.